[ AOE2 MATCH · #484371347 ]
UnrankedMongols vs Koreans
[ REPLAY ANALYSIS · EXTRACTED FROM THE RECORDED GAME ]
Feudal
11:29
Castle
15:08
Imperial
35:12
| APM avg | 32.9 |
| APM peak | 75 |
| eAPM avg | 17.3 |
| Villagers / military | 177 / 125 |
Focus
⚔️ 22.6% · 🌾 77.4%
Cavalry Archer ×88 · Mangonel ×26 · Trebuchet (Packed) ×7 · Battering Ram ×3 · Monk ×1
Feudal
11:09
Castle
16:48
Imperial
33:29
| APM avg | 22.3 |
| APM peak | 47 |
| eAPM avg | 11.4 |
| Villagers / military | 107 / 37 |
Focus
⚔️ 23.0% · 🌾 77.0%
War Wagon ×20 · Petard ×4 · Iron Pagoda ×4 · Battering Ram ×4 · Trebuchet (Packed) ×4 · Bombard Cannon ×1
Feudal
11:45
Castle
20:41
Imperial
—
| APM avg | 11.7 |
| APM peak | 46 |
| eAPM avg | 9.4 |
| Villagers / military | 63 / 24 |
Focus
⚔️ 29.2% · 🌾 70.8%
Skirmisher ×9 · Spearman ×8 · Militia ×7
Feudal
10:03
Castle
28:05
Imperial
33:26
| APM avg | 33.3 |
| APM peak | 86 |
| eAPM avg | 17.6 |
| Villagers / military | 159 / 222 |
Focus
⚔️ 35.6% · 🌾 64.4%
Steppe Lancer ×158 · Archer ×44 · Scout Cavalry ×10 · Battering Ram ×4 · Trebuchet (Packed) ×4 · Monk ×2
Feudal
11:14
Castle
17:12
Imperial
42:14
| APM avg | 26.9 |
| APM peak | 86 |
| eAPM avg | 12.8 |
| Villagers / military | 105 / 78 |
Focus
⚔️ 28.2% · 🌾 71.8%
Conquistador ×39 · Knight ×37 · Monk ×2
Feudal
11:13
Castle
15:17
Imperial
—
| APM avg | 21.4 |
| APM peak | 91 |
| eAPM avg | 17.1 |
| Villagers / military | 164 / 17 |
Focus
⚔️ 10.4% · 🌾 89.6%
Battering Ram ×11 · Mangonel ×5 · Monk ×1
Match map
Initial resources + every placement click. Lines = walls · curves = elevation contours. ◆ gold · ⬟ stone · ● berries · ✦ relic · ◌ wall gap
Your base· ✓ Closed at 15:08 · 0t walls · 2 gate(s)
CUENTA JG's base· ✓ Closed at 16:48 · 0t walls · 3 gate(s)
RushMn🐻's base· ✓ Closed at 20:41 · 0t walls · 2 gate(s)
BY_Sheep's base· ✓ Closed at 28:05 · 0t walls · 3 gate(s)
帝国雷's base· ✓ Closed at 17:12 · 0t walls · 2 gate(s)
Michi's base· ✓ Closed at 15:17 · 0t walls · 3 gate(s)
Smoothed initial terrain · ◌ = detected wall gap · hover for details
Inputs per minute
— TheMarvic - - CUENTA JG
Build order — TheMarvic
First 150 of 368 actions detected
| 0:01 | Create | Villager (Male) |
| 0:01 | Create | Villager (Male) |
| 0:02 | Create | Villager (Male) |
| 0:02 | Create | Villager (Male) |
| 0:02 | Create | Villager (Male) |
| 0:04 | Build | House |
| 0:07 | Build | House |
| 0:20 | Research | Loom |
| 0:21 | Research | Loom |
| 1:47 | Create | Villager (Male) |
| 1:47 | Create | Villager (Male) |
| 1:48 | Create | Villager (Male) |
| 1:51 | Build | Lumber Camp |
| 2:14 | Create | Villager (Male) |
| 2:14 | Create | Villager (Male) |
| 2:14 | Create | Villager (Male) |
| 2:37 | Create | Villager (Male) |
| 2:38 | Create | Villager (Male) |
| 2:38 | Create | Villager (Male) |
| 2:56 | Create | Villager (Male) |
| 2:56 | Create | Villager (Male) |
| 2:57 | Create | Villager (Male) |
| 3:17 | Create | Villager (Male) |
| 3:17 | Create | Villager (Male) |
| 3:18 | Create | Villager (Male) |
| 3:48 | Create | Villager (Male) |
| 3:48 | Create | Villager (Male) |
| 4:02 | Build | House |
| 4:03 | Build | House |
| 4:11 | Create | Villager (Male) |
| 4:12 | Create | Villager (Male) |
| 4:12 | Create | Villager (Male) |
| 4:23 | Build | Mill |
| 4:27 | Create | Villager (Male) |
| 4:27 | Create | Villager (Male) |
| 4:28 | Create | Villager (Male) |
| 4:47 | Create | Villager (Male) |
| 4:47 | Create | Villager (Male) |
| 4:47 | Create | Villager (Male) |
| 4:48 | Create | Villager (Male) |
| 5:11 | Create | Villager (Male) |
| 5:12 | Create | Villager (Male) |
| 5:12 | Create | Villager (Male) |
| 5:12 | Create | Villager (Male) |
| 5:42 | Create | Villager (Male) |
| 6:53 | Create | Villager (Male) |
| 7:01 | Build | House |
| 7:35 | Create | Villager (Male) |
| 7:35 | Create | Villager (Male) |
| 8:02 | Create | Villager (Male) |
| 8:02 | Create | Villager (Male) |
| 8:03 | Research | Feudal Age |
| 8:57 | Build | Farm |
| 9:01 | Build | Mining Camp |
| 9:07 | Create | Villager (Male) |
| 9:07 | Create | Villager (Male) |
| 10:16 | Build | House |
| 11:29 | Age | Feudal Age |
| 11:34 | Build | Market |
| 11:40 | Build | Blacksmith |
| 12:28 | Research | Castle Age |
| 12:28 | Research | Castle Age |
| 12:34 | Build | Farm |
| 12:36 | Build | Farm |
| 12:38 | Build | Farm |
| 12:50 | Research | Double-Bit Axe |
| 13:11 | Build | Barracks |
| 13:22 | Create | Villager (Male) |
| 13:23 | Create | Villager (Male) |
| 13:23 | Create | Villager (Male) |
| 13:23 | Create | Villager (Male) |
| 13:23 | Create | Villager (Male) |
| 13:42 | Research | Horse Collar |
| 13:48 | Research | Loom |
| 14:04 | Build | Archery Range |
| 14:31 | Build | Archery Range |
| 15:08 | Age | Castle Age |
| 15:11 | Build | Town Center |
| 15:20 | Create | Cavalry Archer |
| 15:20 | Create | Cavalry Archer |
| 15:26 | Create | Villager (Male) |
| 15:26 | Create | Villager (Male) |
| 15:27 | Create | Villager (Male) |
| 15:27 | Create | Villager (Male) |
| 15:27 | Create | Villager (Male) |
| 15:33 | Build | Farm |
| 15:41 | Create | Cavalry Archer |
| 15:42 | Create | Cavalry Archer |
| 15:42 | Create | Cavalry Archer |
| 15:51 | Create | Cavalry Archer |
| 15:51 | Create | Cavalry Archer |
| 16:16 | Create | Villager (Male) |
| 16:17 | Create | Cavalry Archer |
| 16:18 | Create | Cavalry Archer |
| 16:26 | Build | House |
| 16:27 | Build | House |
| 16:28 | Build | House |
| 16:43 | Create | Villager (Male) |
| 16:44 | Create | Villager (Male) |
| 16:44 | Create | Villager (Male) |
| 16:44 | Create | Villager (Male) |
| 17:08 | Create | Cavalry Archer |
| 17:09 | Create | Cavalry Archer |
| 17:47 | Build | Farm |
| 17:48 | Build | Farm |
| 17:49 | Build | Farm |
| 17:51 | Build | Farm |
| 17:53 | Research | Fletching |
| 18:03 | Build | Siege Workshop |
| 18:07 | Create | Cavalry Archer |
| 18:19 | Create | Villager (Male) |
| 18:19 | Create | Villager (Male) |
| 18:44 | Create | Cavalry Archer |
| 18:44 | Create | Cavalry Archer |
| 18:49 | Build | House |
| 18:49 | Build | House |
| 19:18 | Create | Battering Ram |
| 19:19 | Create | Battering Ram |
| 19:26 | Create | Villager (Male) |
| 19:26 | Create | Villager (Male) |
| 19:26 | Create | Villager (Male) |
| 19:27 | Create | Villager (Male) |
| 19:27 | Create | Villager (Male) |
| 19:30 | Build | House |
| 19:30 | Build | House |
| 19:46 | Build | Farm |
| 19:47 | Build | Farm |
| 19:51 | Create | Villager (Male) |
| 19:52 | Create | Villager (Male) |
| 19:54 | Build | Farm |
| 19:55 | Build | Farm |
| 19:56 | Build | Farm |
| 20:01 | Build | Farm |
| 20:02 | Build | Farm |
| 20:05 | Build | Farm |
| 20:21 | Create | Battering Ram |
| 20:37 | Create | Mangonel |
| 20:48 | Create | Villager (Male) |
| 20:48 | Create | Villager (Male) |
| 20:48 | Create | Villager (Male) |
| 20:49 | Create | Villager (Male) |
| 20:53 | Build | House |
| 20:54 | Build | House |
| 21:50 | Create | Mangonel |
| 22:19 | Create | Cavalry Archer |
| 22:19 | Create | Cavalry Archer |
| 22:54 | Create | Cavalry Archer |
| 22:54 | Create | Cavalry Archer |
| 22:56 | Create | Villager (Male) |
| 22:56 | Create | Villager (Male) |
Build order — CUENTA JG
First 150 of 242 actions detected
| 0:03 | Build | House |
| 0:05 | Build | House |
| 0:05 | Create | Villager (Male) |
| 0:05 | Create | Villager (Male) |
| 0:05 | Create | Villager (Male) |
| 0:06 | Create | Villager (Male) |
| 1:37 | Create | Villager (Male) |
| 1:49 | Build | Lumber Camp |
| 2:14 | Create | Villager (Male) |
| 2:14 | Create | Villager (Male) |
| 2:31 | Create | Villager (Male) |
| 2:31 | Create | Villager (Male) |
| 3:00 | Create | Villager (Male) |
| 3:10 | Create | Villager (Male) |
| 3:10 | Create | Villager (Male) |
| 3:37 | Build | House |
| 3:48 | Create | Villager (Male) |
| 3:48 | Create | Villager (Male) |
| 4:10 | Create | Villager (Male) |
| 4:11 | Create | Villager (Male) |
| 4:11 | Create | Villager (Male) |
| 5:01 | Create | Villager (Male) |
| 5:01 | Create | Villager (Male) |
| 5:01 | Create | Villager (Male) |
| 5:36 | Create | Villager (Male) |
| 5:36 | Create | Villager (Male) |
| 5:37 | Create | Villager (Male) |
| 5:37 | Create | Villager (Male) |
| 5:38 | Create | Villager (Male) |
| 5:38 | Create | Villager (Male) |
| 6:13 | Build | Mill |
| 6:20 | Create | Villager (Male) |
| 6:20 | Create | Villager (Male) |
| 6:20 | Create | Villager (Male) |
| 6:25 | Build | House |
| 6:49 | Create | Villager (Male) |
| 7:31 | Create | Villager (Male) |
| 7:48 | Build | Mining Camp |
| 8:03 | Build | Mill |
| 8:34 | Create | Villager (Male) |
| 8:41 | Build | Farm |
| 8:48 | Research | Feudal Age |
| 8:53 | Build | House |
| 9:21 | Create | Villager (Male) |
| 9:24 | Create | Villager (Male) |
| 9:41 | Build | Farm |
| 9:50 | Build | Farm |
| 10:34 | Build | Farm |
| 10:38 | Build | Farm |
| 11:09 | Age | Feudal Age |
| 11:40 | Build | Blacksmith |
| 12:14 | Build | Market |
| 12:19 | Create | Villager (Male) |
| 12:24 | Build | Farm |
| 12:52 | Create | Villager (Male) |
| 13:04 | Build | Farm |
| 13:22 | Build | Mining Camp |
| 13:31 | Build | Farm |
| 13:37 | Create | Villager (Male) |
| 14:08 | Research | Castle Age |
| 14:08 | Research | Castle Age |
| 14:37 | Create | Villager (Male) |
| 15:00 | Research | Double-Bit Axe |
| 15:09 | Create | Villager (Male) |
| 16:26 | Research | Loom |
| 16:28 | Create | Villager (Male) |
| 16:28 | Create | Villager (Male) |
| 16:48 | Age | Castle Age |
| 16:58 | Research | Fletching |
| 17:06 | Research | Bow Saw |
| 17:07 | Research | Gold Mining |
| 17:19 | Build | House |
| 17:46 | Build | Castle |
| 18:00 | Create | Villager (Male) |
| 18:36 | Build | House |
| 19:23 | Create | Villager (Male) |
| 19:24 | Create | Villager (Male) |
| 19:33 | Build | House |
| 19:40 | Build | House |
| 19:51 | Research | Gold Shaft Mining |
| 19:53 | Create | Villager (Male) |
| 20:08 | Build | Farm |
| 20:08 | Build | Farm |
| 20:09 | Build | Farm |
| 20:09 | Build | Farm |
| 20:14 | Create | Villager (Male) |
| 20:29 | Create | War Wagon |
| 20:30 | Create | War Wagon |
| 20:37 | Build | Mining Camp |
| 20:48 | Create | Villager (Male) |
| 21:12 | Create | Villager (Male) |
| 21:14 | Research | Bodkin Arrow |
| 21:19 | Create | Petard |
| 21:24 | Create | Petard |
| 21:32 | Create | Villager (Male) |
| 21:43 | Create | War Wagon |
| 22:04 | Build | Town Center |
| 22:12 | Create | Villager (Male) |
| 22:16 | Create | War Wagon |
| 22:25 | Create | Villager (Male) |
| 22:37 | Create | War Wagon |
| 23:32 | Create | Villager (Male) |
| 23:32 | Create | Villager (Male) |
| 23:33 | Create | Villager (Male) |
| 23:33 | Create | Villager (Male) |
| 23:33 | Create | Villager (Male) |
| 23:46 | Create | Villager (Male) |
| 23:47 | Create | Villager (Male) |
| 24:05 | Build | Siege Workshop |
| 24:25 | Create | War Wagon |
| 24:27 | Create | Villager (Male) |
| 24:28 | Create | Villager (Male) |
| 24:52 | Create | Iron Pagoda |
| 25:18 | Create | Villager (Male) |
| 25:19 | Create | Villager (Male) |
| 25:19 | Create | Villager (Male) |
| 25:53 | Build | Castle |
| 26:07 | Create | Petard |
| 26:50 | Create | Villager (Male) |
| 26:50 | Create | Villager (Male) |
| 26:50 | Create | Villager (Male) |
| 26:50 | Create | Villager (Male) |
| 26:59 | Create | Petard |
| 27:14 | Build | Castle |
| 27:58 | Create | War Wagon |
| 27:59 | Create | War Wagon |
| 29:09 | Create | Battering Ram |
| 29:09 | Create | Battering Ram |
| 29:24 | Create | Villager (Male) |
| 29:24 | Create | Villager (Male) |
| 29:25 | Create | Villager (Male) |
| 29:25 | Create | Villager (Male) |
| 29:35 | Build | Farm |
| 29:35 | Build | Farm |
| 29:35 | Build | Farm |
| 29:35 | Build | Farm |
| 29:36 | Build | Farm |
| 29:49 | Create | Battering Ram |
| 30:08 | Build | University |
| 30:09 | Create | War Wagon |
| 30:10 | Create | War Wagon |
| 30:11 | Create | War Wagon |
| 30:19 | Research | Imperial Age |
| 30:22 | Create | Villager (Male) |
| 30:32 | Build | Farm |
| 30:39 | Create | Iron Pagoda |
| 31:12 | Create | Iron Pagoda |
| 32:10 | Create | Iron Pagoda |
| 32:22 | Create | Battering Ram |
| 32:24 | Create | Villager (Male) |
Build order — RushMn🐻
First 150 of 176 actions detected
| 0:14 | Create | Villager (Male) ×4 |
| 0:16 | Build | House |
| 0:17 | Build | House |
| 0:18 | Build | House |
| 1:18 | Build | Lumber Camp |
| 1:54 | Create | Villager (Male) |
| 2:22 | Create | Villager (Male) |
| 2:55 | Create | Villager (Male) |
| 3:20 | Create | Villager (Male) |
| 3:38 | Create | Villager (Male) |
| 3:59 | Create | Villager (Male) |
| 4:26 | Create | Villager (Male) |
| 4:28 | Create | Villager (Male) |
| 4:39 | Build | House |
| 4:45 | Create | Villager (Male) |
| 5:10 | Create | Villager (Male) |
| 5:13 | Build | Mining Camp |
| 5:28 | Create | Villager (Male) |
| 5:56 | Create | Villager (Male) |
| 5:57 | Create | Villager (Male) |
| 6:29 | Build | House |
| 6:43 | Create | Villager (Male) |
| 6:44 | Create | Villager (Male) |
| 7:20 | Create | Villager (Male) |
| 7:36 | Build | Mill |
| 7:38 | Create | Villager (Male) |
| 7:47 | Build | Mill |
| 8:19 | Create | Villager (Male) |
| 8:42 | Create | Villager (Male) |
| 9:05 | Create | Villager (Male) |
| 9:34 | Research | Feudal Age |
| 11:41 | Create | Villager (Male) |
| 11:42 | Create | Villager (Male) |
| 11:42 | Create | Villager (Male) |
| 11:45 | Age | Feudal Age |
| 11:53 | Research | Double-Bit Axe |
| 11:55 | Research | Wheelbarrow |
| 11:58 | Research | Horse Collar |
| 12:16 | Build | House |
| 12:17 | Build | House |
| 12:19 | Build | House |
| 12:21 | Build | House |
| 12:22 | Build | House |
| 12:33 | Create | Villager (Male) |
| 12:34 | Create | Villager (Male) |
| 12:34 | Create | Villager (Male) |
| 13:10 | Research | Gold Mining |
| 13:16 | Build | Farm |
| 13:20 | Build | Farm |
| 13:21 | Build | Farm |
| 13:23 | Build | Farm |
| 13:24 | Build | Farm |
| 13:25 | Build | Farm |
| 13:33 | Build | Farm |
| 14:13 | Build | Market |
| 14:15 | Build | Blacksmith |
| 14:46 | Build | Farm |
| 15:06 | Build | Farm |
| 15:09 | Build | Farm |
| 15:10 | Build | Farm |
| 15:11 | Build | Farm |
| 15:12 | Build | Farm |
| 15:14 | Build | Farm |
| 15:18 | Build | Farm |
| 15:20 | Create | Villager (Male) |
| 15:34 | Build | Farm |
| 15:38 | Create | Villager (Male) |
| 15:43 | Build | Farm |
| 16:11 | Create | Villager (Male) |
| 16:23 | Build | Farm |
| 16:46 | Create | Villager (Male) |
| 16:48 | Build | Farm |
| 16:49 | Create | Villager (Male) |
| 16:53 | Create | Villager (Male) |
| 17:33 | Build | Watch Tower |
| 17:40 | Build | Barracks |
| 17:42 | Build | House |
| 17:43 | Build | House |
| 17:44 | Build | House |
| 17:47 | Research | Castle Age |
| 18:52 | Create | Militia |
| 18:53 | Create | Militia |
| 19:04 | Research | Man-at-Arms (upgrade) |
| 19:37 | Build | Watch Tower |
| 20:07 | Research | Loom |
| 20:41 | Age | Castle Age |
| 20:52 | Create | Militia |
| 20:52 | Create | Militia |
| 21:09 | Build | Town Center |
| 21:57 | Research | Fletching |
| 21:59 | Research | Padded Archer Armor |
| 22:05 | Research | Hand Cart |
| 22:22 | Build | Palisade Gate |
| 22:52 | Build | Archery Range |
| 23:02 | Research | Bodkin Arrow |
| 23:12 | Create | Villager (Male) |
| 23:13 | Create | Villager (Male) |
| 23:13 | Create | Villager (Male) |
| 23:13 | Create | Villager (Male) |
| 23:24 | Create | Skirmisher |
| 23:24 | Create | Skirmisher |
| 23:32 | Build | Mill |
| 24:40 | Create | Skirmisher |
| 24:41 | Create | Skirmisher |
| 26:05 | Create | Skirmisher |
| 26:05 | Create | Skirmisher |
| 26:06 | Create | Skirmisher |
| 26:47 | Research | Elite Skirmisher (upgrade) |
| 27:35 | Create | Villager (Male) |
| 27:36 | Create | Villager (Male) |
| 27:36 | Create | Villager (Male) |
| 28:31 | Build | Gate |
| 28:46 | Create | Villager (Male) |
| 28:46 | Create | Villager (Male) |
| 28:47 | Create | Villager (Male) |
| 28:47 | Create | Villager (Male) |
| 29:37 | Build | Stone Wall |
| 29:43 | Create | Villager (Male) |
| 29:43 | Create | Villager (Male) |
| 30:11 | Research | Stone Mining |
| 30:13 | Research | Gold Shaft Mining |
| 30:32 | Build | Gate |
| 31:11 | Create | Militia |
| 31:11 | Create | Militia |
| 31:12 | Create | Militia |
| 31:20 | Build | Town Center |
| 31:24 | Create | Villager (Male) |
| 31:24 | Create | Villager (Male) |
| 31:24 | Create | Villager (Male) |
| 31:25 | Create | Villager (Male) |
| 31:53 | Research | Thumb Ring |
| 31:54 | Create | Skirmisher |
| 31:54 | Create | Skirmisher |
| 32:05 | Create | Villager (Male) |
| 32:05 | Create | Villager (Male) |
| 32:05 | Create | Villager (Male) |
| 32:28 | Create | Villager (Male) |
| 32:28 | Create | Villager (Male) |
| 32:28 | Create | Villager (Male) |
| 32:33 | Create | Spearman |
| 32:33 | Create | Spearman |
| 32:33 | Create | Spearman |
| 32:40 | Research | Pikeman (upgrade) |
| 32:59 | Create | Spearman |
| 32:59 | Create | Spearman |
| 33:00 | Create | Spearman |
| 33:07 | Build | House |
| 34:07 | Create | Spearman |
| 34:08 | Create | Spearman |
| 35:32 | Build | Lumber Camp |
Build order — BY_Sheep
First 150 of 320 actions detected
| 0:02 | Build | House |
| 0:05 | Build | House |
| 0:05 | Create | Villager (Male) |
| 0:06 | Create | Villager (Male) |
| 0:06 | Create | Villager (Male) |
| 0:09 | Create | Villager (Male) |
| 0:09 | Create | Villager (Male) |
| 1:37 | Create | Villager (Male) |
| 2:14 | Create | Villager (Male) |
| 2:14 | Create | Villager (Male) |
| 3:11 | Create | Villager (Male) |
| 3:28 | Create | Villager (Male) |
| 3:41 | Build | House |
| 3:56 | Build | Lumber Camp |
| 4:00 | Create | Villager (Male) |
| 4:01 | Create | Villager (Male) |
| 4:01 | Create | Villager (Male) |
| 4:44 | Create | Villager (Male) |
| 4:44 | Create | Villager (Male) |
| 5:03 | Create | Villager (Male) |
| 5:44 | Create | Villager (Male) |
| 6:10 | Build | House |
| 6:31 | Create | Villager (Male) |
| 6:58 | Create | Villager (Male) |
| 7:28 | Create | Villager (Male) |
| 7:34 | Build | Mill |
| 7:52 | Research | Feudal Age |
| 8:15 | Build | Farm |
| 8:36 | Build | Mining Camp |
| 8:45 | Create | Villager (Male) |
| 9:10 | Create | Villager (Male) |
| 9:19 | Build | House |
| 9:24 | Build | House |
| 10:02 | Build | House |
| 10:03 | Age | Feudal Age |
| 10:10 | Build | Town Center |
| 10:15 | Create | Villager (Male) |
| 10:20 | Build | House |
| 10:44 | Build | Farm |
| 10:46 | Research | Double-Bit Axe |
| 10:54 | Build | Farm |
| 11:05 | Create | Villager (Male) |
| 11:07 | Build | House |
| 11:30 | Create | Villager (Male) |
| 11:45 | Build | Blacksmith |
| 11:46 | Create | Villager (Male) |
| 11:47 | Create | Villager (Male) |
| 11:49 | Create | Villager (Male) |
| 12:23 | Build | Barracks |
| 12:27 | Create | Villager (Male) |
| 12:27 | Create | Villager (Male) |
| 12:38 | Create | Villager (Male) |
| 12:42 | Build | Farm |
| 12:44 | Build | Farm |
| 12:45 | Build | Farm |
| 12:51 | Build | Farm |
| 13:16 | Build | Farm |
| 13:27 | Create | Villager (Male) |
| 13:27 | Create | Villager (Male) |
| 13:34 | Build | Siege Workshop |
| 13:38 | Create | Villager (Male) |
| 13:48 | Build | Farm |
| 13:50 | Build | Farm |
| 14:02 | Create | Villager (Male) |
| 14:02 | Create | Villager (Male) |
| 14:02 | Create | Villager (Male) |
| 14:09 | Build | Archery Range |
| 14:30 | Create | Villager (Male) |
| 14:35 | Create | Battering Ram |
| 14:42 | Build | Archery Range |
| 14:47 | Build | Archery Range |
| 14:50 | Create | Villager (Male) |
| 14:54 | Build | Farm |
| 14:59 | Build | Farm |
| 15:12 | Create | Archer |
| 15:12 | Create | Archer |
| 15:13 | Create | Archer |
| 15:17 | Research | Fletching |
| 15:22 | Create | Villager (Male) |
| 15:23 | Create | Villager (Male) |
| 15:28 | Build | Farm |
| 15:35 | Create | Villager (Male) |
| 15:35 | Create | Villager (Male) |
| 15:38 | Build | Archery Range |
| 15:53 | Create | Archer |
| 15:53 | Create | Archer |
| 16:01 | Build | Mining Camp |
| 16:05 | Create | Villager (Male) |
| 16:06 | Create | Villager (Male) |
| 16:19 | Create | Archer |
| 16:26 | Create | Archer |
| 16:26 | Create | Archer |
| 16:47 | Create | Villager (Male) |
| 16:48 | Create | Villager (Male) |
| 16:56 | Create | Battering Ram |
| 16:56 | Create | Battering Ram |
| 17:07 | Build | House |
| 17:09 | Build | House |
| 17:10 | Build | House |
| 17:29 | Create | Archer |
| 17:30 | Create | Archer |
| 17:30 | Create | Archer |
| 17:35 | Create | Villager (Male) ×5 |
| 17:35 | Create | Villager (Male) ×5 |
| 17:35 | Create | Villager (Male) ×5 |
| 17:37 | Build | House |
| 17:38 | Build | House |
| 17:38 | Build | House |
| 17:38 | Build | House |
| 17:38 | Build | House |
| 17:39 | Build | House |
| 17:39 | Build | House |
| 17:49 | Create | Archer |
| 17:49 | Create | Archer |
| 18:57 | Create | Archer ×3 |
| 18:58 | Create | Archer ×3 |
| 19:14 | Create | Villager (Male) ×5 |
| 19:17 | Create | Villager (Male) ×3 |
| 19:17 | Create | Villager (Male) ×3 |
| 19:32 | Create | Archer ×2 |
| 19:32 | Create | Archer ×2 |
| 19:32 | Create | Archer ×2 |
| 19:43 | Research | Padded Archer Armor |
| 20:50 | Build | Mill |
| 20:54 | Create | Villager (Male) ×5 |
| 21:30 | Create | Battering Ram |
| 21:48 | Create | Archer ×5 |
| 21:48 | Create | Archer ×5 |
| 21:49 | Create | Archer ×5 |
| 21:51 | Create | Villager (Male) ×5 |
| 22:02 | Build | Mining Camp |
| 22:28 | Create | Archer ×2 |
| 22:29 | Create | Archer ×2 |
| 23:01 | Create | Villager (Male) |
| 23:02 | Create | Villager (Male) |
| 23:05 | Research | Horse Collar |
| 23:15 | Build | Mill |
| 23:16 | Build | Farm |
| 23:16 | Build | Farm |
| 23:16 | Build | Farm |
| 23:16 | Build | Farm |
| 23:17 | Build | Farm |
| 23:17 | Build | Farm |
| 23:17 | Build | Farm |
| 23:17 | Build | Farm |
| 23:17 | Build | Farm |
| 23:18 | Build | Farm |
| 23:18 | Build | Farm |
| 23:18 | Build | Farm |
| 23:18 | Build | Farm |
Build order — 帝国雷
First 150 of 316 actions detected
| 0:02 | Create | Villager (Male) |
| 0:02 | Create | Villager (Male) |
| 0:02 | Create | Villager (Male) |
| 0:04 | Build | House |
| 0:08 | Build | House |
| 0:52 | Create | Villager (Male) |
| 1:36 | Create | Villager (Male) |
| 1:52 | Build | Lumber Camp |
| 2:09 | Create | Villager (Male) |
| 2:10 | Create | Villager (Male) |
| 2:26 | Create | Villager (Male) |
| 2:26 | Create | Villager (Male) |
| 3:04 | Create | Villager (Male) |
| 3:05 | Create | Villager (Male) |
| 3:05 | Create | Villager (Male) |
| 3:41 | Build | Mill |
| 3:44 | Create | Villager (Male) |
| 4:05 | Create | Villager (Male) |
| 4:06 | Create | Villager (Male) |
| 4:44 | Build | House |
| 5:04 | Create | Villager (Male) |
| 5:10 | Build | House |
| 5:41 | Create | Villager (Male) |
| 5:41 | Create | Villager (Male) |
| 6:58 | Create | Villager (Male) |
| 7:01 | Create | Villager (Male) |
| 7:02 | Create | Villager (Male) |
| 7:02 | Create | Villager (Male) |
| 7:04 | Create | Villager (Male) |
| 7:31 | Build | Mill |
| 7:57 | Build | Mining Camp |
| 8:29 | Build | Mining Camp |
| 8:41 | Research | Feudal Age |
| 11:14 | Age | Feudal Age |
| 11:30 | Build | Farm |
| 11:45 | Build | Market |
| 11:54 | Build | Blacksmith |
| 12:35 | Build | Farm |
| 12:37 | Research | Horse Collar |
| 13:02 | Build | Farm |
| 13:06 | Build | Farm |
| 13:34 | Build | Farm |
| 14:12 | Research | Horse Collar |
| 14:32 | Research | Castle Age |
| 14:58 | Build | Farm |
| 16:41 | Research | Double-Bit Axe |
| 17:12 | Age | Castle Age |
| 17:15 | Create | Villager (Male) |
| 17:29 | Build | Castle |
| 18:12 | Build | Town Center |
| 18:54 | Create | Villager (Male) |
| 18:54 | Create | Villager (Male) |
| 18:55 | Create | Villager (Male) |
| 18:56 | Create | Villager (Male) |
| 19:02 | Build | House |
| 19:24 | Build | Mining Camp |
| 19:26 | Create | Conquistador |
| 19:27 | Create | Conquistador |
| 19:27 | Create | Conquistador |
| 19:27 | Create | Conquistador |
| 19:53 | Create | Villager (Male) |
| 19:53 | Create | Villager (Male) |
| 19:54 | Create | Villager (Male) |
| 20:32 | Build | Farm |
| 20:35 | Build | Farm |
| 20:39 | Build | Farm |
| 20:51 | Create | Villager (Male) |
| 20:52 | Create | Villager (Male) |
| 20:52 | Create | Villager (Male) |
| 20:56 | Create | Villager (Male) |
| 20:57 | Create | Villager (Male) |
| 21:02 | Create | Conquistador |
| 21:02 | Create | Conquistador |
| 21:16 | Research | Heavy Plow |
| 22:17 | Create | Conquistador |
| 22:17 | Create | Conquistador |
| 22:17 | Create | Conquistador |
| 22:18 | Create | Conquistador |
| 23:07 | Build | Monastery |
| 23:27 | Build | Farm |
| 23:34 | Build | Farm |
| 23:39 | Build | Farm |
| 23:42 | Research | Bow Saw |
| 23:44 | Create | Villager (Male) |
| 23:44 | Create | Villager (Male) |
| 23:44 | Create | Villager (Male) |
| 24:20 | Create | Conquistador |
| 24:20 | Create | Conquistador |
| 24:21 | Create | Conquistador |
| 25:05 | Build | Castle |
| 25:13 | Create | Monk |
| 25:17 | Create | Monk |
| 25:50 | Create | Villager (Male) |
| 25:50 | Create | Villager (Male) |
| 25:50 | Create | Villager (Male) |
| 25:50 | Create | Villager (Male) |
| 25:51 | Create | Villager (Male) |
| 25:52 | Create | Conquistador |
| 25:52 | Create | Conquistador |
| 26:03 | Build | Farm |
| 26:28 | Build | Farm |
| 26:31 | Build | Farm |
| 26:34 | Build | Farm |
| 26:38 | Build | Farm |
| 26:40 | Create | Villager (Male) |
| 26:40 | Create | Villager (Male) |
| 26:41 | Create | Villager (Male) |
| 26:41 | Create | Villager (Male) |
| 26:41 | Create | Villager (Male) |
| 27:15 | Build | Mining Camp |
| 27:19 | Research | Gold Mining |
| 27:31 | Create | Conquistador |
| 27:32 | Create | Conquistador |
| 27:32 | Create | Conquistador |
| 27:49 | Build | Farm |
| 27:53 | Build | Farm |
| 28:01 | Build | Farm |
| 28:06 | Create | Villager (Male) |
| 28:06 | Create | Villager (Male) |
| 28:06 | Create | Villager (Male) |
| 28:14 | Build | Town Center |
| 28:57 | Build | Barracks |
| 29:25 | Create | Villager (Male) |
| 29:25 | Create | Villager (Male) |
| 29:25 | Create | Villager (Male) |
| 29:26 | Create | Villager (Male) |
| 29:26 | Create | Villager (Male) |
| 29:27 | Create | Conquistador |
| 29:28 | Create | Conquistador |
| 29:28 | Create | Conquistador |
| 29:28 | Create | Conquistador |
| 29:50 | Build | University |
| 30:12 | Create | Villager (Male) |
| 30:12 | Create | Villager (Male) |
| 30:13 | Create | Villager (Male) |
| 30:13 | Create | Villager (Male) |
| 30:13 | Create | Villager (Male) |
| 30:32 | Create | Conquistador |
| 30:33 | Create | Conquistador |
| 30:40 | Create | Villager (Male) |
| 30:40 | Create | Villager (Male) |
| 30:44 | Build | Farm |
| 30:56 | Build | Farm |
| 30:58 | Research | Ballistics |
| 31:40 | Build | Farm |
| 31:43 | Build | Farm |
| 31:46 | Build | Farm |
| 31:49 | Build | Farm |
| 31:54 | Build | Farm |
| 31:56 | Create | Villager (Male) |
Build order — Michi
First 150 of 307 actions detected
| 0:04 | Build | House |
| 0:05 | Build | House |
| 0:06 | Build | House |
| 0:08 | Create | Villager (Male) ×4 |
| 0:08 | Create | Villager (Male) ×4 |
| 0:08 | Create | Villager (Male) ×4 |
| 1:46 | Create | Villager (Male) |
| 1:46 | Create | Villager (Male) |
| 2:20 | Create | Villager (Male) |
| 2:20 | Create | Villager (Male) |
| 2:20 | Create | Villager (Male) |
| 2:52 | Create | Villager (Male) ×3 |
| 2:52 | Create | Villager (Male) ×3 |
| 2:53 | Create | Villager (Male) ×3 |
| 3:46 | Create | Villager (Male) ×2 |
| 3:46 | Create | Villager (Male) ×2 |
| 3:46 | Create | Villager (Male) ×2 |
| 5:12 | Create | Villager (Male) ×5 |
| 6:12 | Build | House |
| 6:54 | Build | Lumber Camp |
| 7:01 | Create | Villager (Male) |
| 7:02 | Create | Villager (Male) |
| 7:28 | Build | Mill |
| 8:13 | Create | Villager (Male) |
| 8:13 | Create | Villager (Male) |
| 8:15 | Research | Feudal Age |
| 8:27 | Build | Mining Camp |
| 11:06 | Create | Villager (Male) |
| 11:06 | Create | Villager (Male) |
| 11:13 | Age | Feudal Age |
| 11:17 | Build | Market |
| 11:27 | Build | Blacksmith |
| 11:46 | Build | House |
| 11:50 | Build | House |
| 11:58 | Build | Mill |
| 12:37 | Research | Castle Age |
| 14:53 | Research | Double-Bit Axe |
| 15:12 | Create | Villager (Male) ×5 |
| 15:17 | Age | Castle Age |
| 15:28 | Build | Town Center |
| 15:48 | Build | Farm |
| 15:49 | Build | Farm |
| 15:53 | Build | Farm |
| 15:53 | Build | Farm |
| 15:53 | Build | Farm |
| 16:22 | Create | Villager (Male) |
| 16:22 | Create | Villager (Male) |
| 16:31 | Build | Farm |
| 16:34 | Build | Farm |
| 16:35 | Build | Farm |
| 16:35 | Build | Farm |
| 16:36 | Build | Farm |
| 16:36 | Build | Farm |
| 16:36 | Build | Farm |
| 16:37 | Build | Farm |
| 16:37 | Build | Farm |
| 16:37 | Build | Farm |
| 16:38 | Build | Farm |
| 16:38 | Build | Farm |
| 16:38 | Build | Farm |
| 16:39 | Build | Farm |
| 16:39 | Build | Farm |
| 16:39 | Build | Farm |
| 16:40 | Build | Farm |
| 16:40 | Build | Farm |
| 16:44 | Build | Farm |
| 16:45 | Build | Farm |
| 16:46 | Build | Farm |
| 16:46 | Build | Farm |
| 16:46 | Build | Farm |
| 16:47 | Build | Farm |
| 16:58 | Create | Villager (Male) ×5 |
| 17:09 | Build | Farm |
| 17:10 | Build | Farm |
| 17:13 | Build | Farm |
| 17:13 | Build | Farm |
| 17:14 | Build | Farm |
| 17:14 | Build | Farm |
| 17:15 | Build | Farm |
| 17:15 | Build | Farm |
| 17:18 | Build | Farm |
| 17:18 | Build | Farm |
| 17:19 | Build | Farm |
| 17:19 | Build | Farm |
| 17:19 | Build | Farm |
| 17:21 | Build | Farm |
| 17:21 | Build | Farm |
| 17:22 | Build | Farm |
| 17:22 | Build | Farm |
| 17:22 | Build | Farm |
| 17:23 | Build | Farm |
| 17:23 | Build | Farm |
| 17:23 | Build | Farm |
| 17:24 | Build | Farm |
| 17:24 | Build | Farm |
| 17:25 | Build | Farm |
| 17:25 | Build | Farm |
| 17:25 | Build | Farm |
| 17:25 | Build | Farm |
| 17:26 | Build | Farm |
| 17:26 | Build | Farm |
| 17:26 | Build | Farm |
| 17:27 | Build | Farm |
| 17:27 | Build | Farm |
| 17:27 | Build | Farm |
| 17:28 | Build | Farm |
| 17:28 | Build | Farm |
| 17:29 | Build | Farm |
| 17:29 | Build | Farm |
| 17:29 | Build | Farm |
| 17:29 | Build | Farm |
| 17:30 | Build | Farm |
| 17:30 | Build | Farm |
| 17:31 | Build | Farm |
| 17:31 | Build | Farm |
| 17:31 | Build | Farm |
| 17:32 | Build | Farm |
| 17:32 | Build | Farm |
| 17:32 | Build | Farm |
| 17:32 | Build | Farm |
| 17:33 | Build | Farm |
| 17:33 | Build | Farm |
| 17:33 | Build | Farm |
| 17:34 | Build | Farm |
| 17:34 | Build | Farm |
| 17:34 | Build | Farm |
| 17:35 | Build | Farm |
| 17:35 | Build | Farm |
| 17:35 | Build | Farm |
| 17:36 | Build | Farm |
| 17:36 | Build | Farm |
| 17:36 | Build | Farm |
| 17:37 | Build | Farm |
| 17:37 | Build | Farm |
| 17:42 | Build | Farm |
| 17:43 | Build | Farm |
| 17:43 | Build | Farm |
| 17:43 | Build | Farm |
| 17:44 | Build | Farm |
| 17:44 | Build | Farm |
| 17:44 | Build | Farm |
| 17:44 | Build | Farm |
| 17:45 | Build | Farm |
| 17:45 | Build | Farm |
| 17:46 | Build | Farm |
| 17:46 | Build | Farm |
| 17:46 | Build | Farm |
| 17:46 | Build | Farm |
| 17:47 | Build | Farm |
| 17:47 | Build | Farm |
Match timeline
| 10:03 | BY_Sheep · age_up feudal |
| 11:09 | CUENTA JG · age_up feudal |
| 11:13 | Michi · age_up feudal |
| 11:14 | 帝国雷 · age_up feudal |
| 11:29 | TheMarvic · age_up feudal |
| 11:45 | RushMn🐻 · age_up feudal |
| 12:23 | BY_Sheep · first_building Barracks |
| 12:28 | Michi · first_market_sell 500 wood |
| 12:33 | Michi · first_market_buy 500 food |
| 12:52 | 帝国雷 · first_market_buy 100 food |
| 13:11 | CUENTA JG · first_market_sell 100 stone |
| 13:11 | TheMarvic · first_building Barracks |
| 13:34 | BY_Sheep · first_building Siege Workshop |
| 14:04 | TheMarvic · first_building Archery Range |
| 14:09 | BY_Sheep · first_building Archery Range |
| 15:08 | TheMarvic · age_up castle |
| 15:17 | Michi · age_up castle |
| 16:48 | CUENTA JG · age_up castle |
| 17:12 | 帝国雷 · age_up castle |
| 17:29 | 帝国雷 · first_building Castle |
| 17:40 | RushMn🐻 · first_building Barracks |
| 17:46 | CUENTA JG · first_building Castle |
| 18:03 | TheMarvic · first_building Siege Workshop |
| 19:29 | Michi · first_building Monastery |
| 20:41 | RushMn🐻 · age_up castle |
| 20:48 | Michi · wall_segment Stone Wall x18 |
| 20:56 | Michi · wall_segment Stone Wall x5 |
| 21:05 | RushMn🐻 · first_market_buy 100 stone |
| 22:52 | RushMn🐻 · first_building Archery Range |
| 23:07 | 帝国雷 · first_building Monastery |
| 24:00 | Michi · first_building Siege Workshop |
| 24:05 | CUENTA JG · first_building Siege Workshop |
| 25:05 | TheMarvic · first_market_sell 100 wood |
| 25:10 | RushMn🐻 · first_market_sell 100 wood |
| 27:36 | Michi · first_building Castle |
| 27:47 | TheMarvic · first_building Monastery |
| 28:05 | BY_Sheep · age_up castle |
| 28:40 | BY_Sheep · first_building Stable |
| 28:57 | 帝国雷 · first_building Barracks |
| 29:06 | BY_Sheep · first_building Castle |
| 29:37 | RushMn🐻 · wall_segment Stone Wall x13 |
| 30:13 | TheMarvic · first_building Stable |
| 30:16 | CUENTA JG · first_market_buy 100 food |
| 30:19 | BY_Sheep · first_building Monastery |
| 32:50 | TheMarvic · first_building Castle |
| 33:26 | BY_Sheep · age_up imperial |
| 33:29 | CUENTA JG · age_up imperial |
| 35:12 | TheMarvic · age_up imperial |
| 39:24 | 帝国雷 · first_building Stable |
| 40:26 | 帝国雷 · wall_segment Stone Wall x15 |
| 40:57 | CUENTA JG · first_building Barracks |
| 42:08 | RushMn🐻 · resign |
| 42:14 | 帝国雷 · age_up imperial |
[ AI ANALYSIS · 1 CREDIT ]
What really happened in this match?
Wolo.gg analyzes every decision: build order, eco, micro, common mistakes by bracket. Personalized analysis on WhatsApp or Discord in 30 seconds.
Civ guide
Mongols
Perfil
Jugador #1573830